 Dungeon Crawl Stone Soup version 0.30-a0-465-g8901f6c8b5 (webtiles) character file.

Game seed: 14214424903345595138

725 Bnni the Grave Robber (level 7, -2/52 HPs)
             Began as a Demonspawn Necromancer on Dec 18, 2022.
             Killed by divine providence
             ... invoked by an orc priest
              (12 damage)
             ... on level 5 of the Dungeon.
             The game lasted 00:08:18 (3985 turns).

Bnni the Grave Robber (Demonspawn Necromancer)      Turns: 3985, Time: 00:08:19

Health: -2/52      AC:  6    Str:  9    XL:     7   Next: 43%
Magic:  0/12       EV: 14    Int: 18    God:
Gold:   111        SH:  5    Dex: 13    Spells: 5/13 levels left

rFire   + . .      SeeInvis .    n - +2 dagger (elec)
rCold   . . .      Faith    .    i - +0 buckler
rNeg    . . .      Spirit   .    r - +2 robe {rF+}
rPois   +          Reflect  .    s - +0 helmet
rElec   .          Harm     .    (no cloak)
rCorr   .          Rampage  .    t - +0 pair of gloves
Will    .....                    (no boots)
Stlth   ++........               (no amulet)
HPRegen 0.28/turn                f - ring of wizardry
MPRegen 0.13/turn                q - ring of poison resistance

@: animating dead
A: claws 1, repulsion field 2, spiny 1
a: no special abilities


You were on level 5 of the Dungeon.
You visited 1 branch of the dungeon, and saw 5 of its levels.

You collected 258 gold pieces.
You spent 147 gold pieces at shops.

Inventory:

Hand Weapons
 n - a +2 dagger of electrocution (weapon)
Missiles
 A - 2 boomerangs of dispersal
Armour
 i - a +0 buckler (worn)
 r - a +2 robe of fire resistance (worn)
 s - a +0 helmet (worn)
 t - a +0 pair of gloves (worn)
 w - a +0 plate armour
Jewellery
 f - a ring of wizardry (left hand)
 q - a ring of poison resistance (right hand)
Wands
 z - a wand of flame (14)
Scrolls
 c - 3 scrolls of fog
 g - a scroll of identify {unknown}
 j - 2 scrolls of magic mapping {unknown}
 k - 2 scrolls of teleportation {unknown}
 v - 2 scrolls of vulnerability {unknown}
 y - a scroll of blinking {unknown}
Potions
 a - 2 potions of invisibility {unknown}
 b - a potion of magic
 d - a potion of flight {unknown}
 e - a potion of brilliance {unknown}
 h - 4 potions of curing {unknown}
 l - a potion of mutation {unknown}
 m - a potion of resistance
 o - a potion of heal wounds {unknown}
 p - a potion of might {unknown}
 u - a potion of berserk rage {unknown}
 x - 3 potions of degeneration {unknown}


   Skills:
 + Level 3.2 Fighting
 - Level 1.7 Dodging
 - Level 1.7 Stealth
 * Level 3.8 Shields
 * Level 1.1 Unarmed Combat
 + Level 3.5 Spellcasting
 + Level 6.8 Necromancy


You had 5 spell levels left.
You knew the following spells:

 Your Spells              Type           Power      Damage    Failure   Level
a - Necrotise             Necr           100%       1d9       1%          1
c - Vampiric Draining     Necr           27%        2d7       1%          3
d - Animate Dead          Necr           27%        N/A       4%          4

Your spell library contained the following spells:

 Spells                   Type           Power      Damage    Failure   Level
 Agony                    Necr           27%        N/A       13%         5
 Tukima's Dance           Hex            3%         N/A       24%         3
 Passage of Golubria      Tloc           3%         N/A       58%         4
 Yara's Violent Unravell  Hex/Tmut       1%         3d3       89%         5


Dungeon Overview and Level Annotations

Branches:
Dungeon (5/15)
 Temple: D:4-7

Altars:
Sif Muna
Wu Jian

Shops:
D:4 [


Innate Abilities, Weirdness & Mutations

You have sharp fingernails.
You are surrounded by a moderate repulsion field. (EV +3)
You are partially covered in sharp spines.


Message History

Aim: an orc priest, wielding a +0 club You draw life force from the orc priest.
You feel life coursing into your body. The orc priest closely misses you.
The orc priest mumbles some strange prayers to Beogh against you.
Beogh smites you!
Casting: Vampiric Draining (safe; 1% risk of failure)
Confirm with . or Enter, or press ? or * to list all spells.
Aiming: Vampiric Draining (safe; 1% risk of failure)
Press: ? - help, Shift-Dir - straight line, f/p - orc priest
Aim: an orc priest, wielding a +0 club (moderately wounded)
You draw life force from the orc priest!
You kill the orc priest!
You feel life coursing into your body.
The dead are walking!
The orc priest mumbles some strange prayers to Beogh against you.
Pain shoots through your body!
The orc priest hits you with a +0 hand axe.
Casting: Vampiric Draining (safe; 1% risk of failure)
Confirm with . or Enter, or press ? or * to list all spells.
Aiming: Vampiric Draining (safe; 1% risk of failure)
Press: ? - help, Shift-Dir - straight line, f - orc priest
Aim: an orc priest, wielding a +0 whip (ally target)
You draw life force from the orc priest!
You feel life coursing into your body. The orc priest completely misses you.
The orc priest looks encouraged for a moment.
Unknown command.
You hit the orc priest.
The orc priest is almost dead.
The orc priest closely misses you.
The orc priest invokes the aid of Beogh against you.
Pain shoots through your body!
You hit the orc priest but do no damage.
The orc priest is almost dead.
The orc priest calls down the wrath of Beogh upon you.
Beogh smites you!
* * * LOW HITPOINT WARNING * * *
The orc priest invokes the aid of Beogh against you.
You struggle to resist.
The orc priest calls down the wrath of Beogh upon you.
Beogh smites you!
You die...

..... .......
.......
........
.......
........
.......
........
#......#......
........#...
#8.......#
..+.....Z.#
#8....@o.#
####.o.#.##
#..#.).#
#.##o)..#
#.....#..#
#.....##....
#...... #..#
#........ .##
.......... #


You could see 3 orc priests and a friendly orc priest zombie.

Vanquished Creatures
  Sigmund (D:3)
  A black bear (D:5)
  A centaur (D:5)
  3 orc priests
  A jelly (D:1)
  An iguana (D:4)
  3 orc wizards (D:4)
  Robin (D:3)
  An adder (D:4)
  A shadow imp (D:4)
  A white imp (D:4)
  A worm (D:1)
  8 dart slugs
  9 orcs
  11 endoplasms
  11 giant cockroaches
  16 goblins
  13 hobgoblins
  4 jackals (D:1)
  3 quokkas
  9 ball pythons
  4 bats
  5 frilled lizards
  9 kobolds
  5 rats
123 creatures vanquished.

Vanquished Creatures (collateral kills)
  An orc (D:5)
  A ball python (D:1)
2 creatures vanquished.

Vanquished Creatures (others)
  2 orc zombies
2 creatures vanquished.

Grand Total: 127 creatures vanquished

Notes
Turn   | Place    | Note
-------+----------+-------------------------------------------
     0 | D:1      | Bnni the Demonspawn Necromancer began the quest for the
                  | Orb.
     0 | D:1      | Reached XP level 1. HP: 13/13 MP: 3/3
     2 | D:1      | Found a runed translucent door.
   112 | D:1      | Found a faded altar of an unknown god.
   136 | D:1      | Gained mutation: You are partially covered in sharp spines.
                  | [demonic ancestry]
   136 | D:1      | Reached XP level 2. HP: 20/20 MP: 1/5
   479 | D:1      | Reached skill level 1 in Fighting
   559 | D:1      | Reached skill level 5 in Necromancy
   559 | D:1      | Reached XP level 3. HP: 24/26 MP: 6/6
   563 | D:1      | Learned a level 3 spell: Vampiric Draining
   979 | D:1      | Reached XP level 4. HP: 31/32 MP: 0/7
  1001 | D:1      | Reached skill level 1 in Shields
  1327 | D:1      | Learned a level 4 spell: Animate Dead
  1865 | D:3      | Noticed Sigmund
  1872 | D:3      | Killed Sigmund
  1873 | D:3      | Reached skill level 6 in Necromancy
  1873 | D:3      | Gained mutation: You are surrounded by a mild repulsion
                  | field. (EV +2) [demonic ancestry]
  1873 | D:3      | Reached XP level 5. HP: 24/39 MP: 2/9
  1873 | D:3      | Gained mutation: You are surrounded by a moderate repulsion
                  | field. (EV +3) [demonic ancestry]
  1873 | D:3      | Reached XP level 6. HP: 27/45 MP: 2/10
  1950 | D:3      | Found an ornate altar of the Wu Jian Council.
  1981 | D:3      | Noticed Robin
  2000 | D:3      | Killed Robin
  3167 | D:4      | Found Ohianna's Antique Armour Shoppe.
  3194 | D:4      | Bought an ichor-stained leather armour for 147 gold pieces
  3194 | D:4      | Identified the +3 leather armour "Cegotwek" {Harm *Corrode
                  | Str+7 SInv} (You bought it in a shop on level 4 of the
                  | Dungeon)
  3214 | D:4      | Found a shimmering blue altar of Sif Muna.
  3825 | D:5      | Entered Level 5 of the Dungeon
  3834 | D:5      | Gained mutation: You have sharp fingernails. [demonic
                  | ancestry]
  3834 | D:5      | Reached XP level 7. HP: 50/52 MP: 1/12
  3854 | D:4      | Reached skill level 1 in Unarmed Combat
  3985 | D:5      | Killed from afar by an orc priest

Illustrated notes

Levels and vault maps discovered:
D:1:      dpeg_arrival_caged_fury, layout_basic,
          dreamdust_ecumenical_altar_statues
D:2:      layout_basic, corexii_leaking_fountain, nrook_mini_backslash
D:3:      layout_basic, mainiacjoe_overflow_catwalk, nzn_wu_jian_contemplation,
          uniq_robin, uniq_sigmund
D:4:      kennysheep_slugbush, layout_basic, led_sif_book, serial_shops,
          nicolae_shop_advertising_works [nicolae_subvault_shop_adworks]
D:5:      layout_layer_cave, jmf_multi_god_temple2, grunt_decor_junction,
          uniq_crazy_yiuf_cottage

Skill      XL: |  1  2  3  4  5  6  7 |
---------------+----------------------+-----
Fighting       | 1 2 3 |  3.2
Necromancy     | 5 6 |  6.8
Shields        | 2 3 |  3.8
Spellcasting   | 3 |  3.5
Unarmed Combat | 1 |  1.1
Dodging        | |  1.7
Stealth        | |  1.7

Action                   |  1- 3 |  4- 6 |  7- 9 || total
-------------------------+-------+-------+-------++-------
Melee: Dagger            |    87 |   187 |    18 ||   292
       Punch             |     1 |     2 |       ||     3
 Cast: Necrotise         |     4 |    20 |       ||    24
       Vampiric Draining |     2 |    13 |     3 ||    18
       Animate Dead      |       |     2 |     1 ||     3
  Use: Scroll            |       |     1 |       ||     1
       Potion            |       |       |     1 ||     1
 Stab: Sleeping          |     7 |     4 |       ||    11
Armor: Robe              |    12 |    31 |     8 ||    51
Dodge: Dodged            |    43 |    98 |    14 ||   155
Block: Buckler           |       |    14 |     6 ||    20

Table legend: (Time is in decaauts)
 A = Elapsed time spent in this place.
 B = Non-inter-level travel time spent in this place.
 C = Inter-level travel time spent in this place.
 D = Time resting spent in this place.
 E = Time spent auto-exploring this place.
 F = Levels seen in this place.
 G = Mean time per level.
                   A        B        C        D        E       F      G
               +--------+--------+--------+--------+--------+-----+--------+
         Total |   3989 |   3887 |    102 |    390 |   2515 |   5 |  797.8 |
       Dungeon |   3989 |   3887 |    102 |    390 |   2515 |   5 |  797.8 |
               +--------+--------+--------+--------+--------+-----+--------+

Top non-repeatable levels by time:
     D:1: 1327 daAuts
     D:4: 1180 daAuts
     D:3: 926 daAuts
     D:2: 527 daAuts
     D:5: 28 daAuts
